Unix NetHack Version 5.0.0-0 post-release - last build May 23 2026 06:08:33 (1c0ff79ee797540d5714e4e18072db0edd9e58ae,branch:main).

Game began 2026-05-24 23:31:09, ended 2026-05-25 00:45:50.

DeathOnAStick, neutral male human Tourist

                        --------------------------------
                        |..............................-
                        |......--|-...---------..-----.|
                        |......|..|...|... |..-..-...|.|
                        |......|..|...|..  |..|..|...|.|
                        |......|--|...-|------|..|...|..
                        |......|..|.....|..|..|.-----|.|
                        |@.....|..|.....|..|%%|.-....|.|
                        |......--|-..{..-|-|..|.|.._.|.|
                        |................%.-|--.|....|.|
                        |.------%-....-|--......|....|.|
                        -.|.(|...|....|  -+----------|.|
                        |a|((|.((|....|       |{.|...|.|
                        |@|..|(((|....|       |..|...-.|
                        |.-|------..{.---------|------.|
                        |..%..).[......................|
                        --------------------------------

DeathOnAStick the Excursionist  St:12 Dx:12 Co:18 In:12 Wi:14 Ch:13  Neutral S:3181
Dlvl:7  $:794 HP:0(55) Pw:47(47) AC:4  Xp:7/691 T:2747 

Latest messages:
 Fido misses it.
 Fido picks up a +2 dart.
 You hear the splashing of a naiad.
 Fido misses the killer bee.
 Fido misses the fire ant.
 Fido misses the fire ant.
 Fido drops a +2 dart.
 There is an open door here.
 You see here a killer bee corpse.
 You attack thin air.
 Fido misses the fire ant.
 You see here 4 +2 darts.
 You hear water falling on coins.
 b - 4 +2 darts (at the ready).
 It misses the killer bee.
 The killer bee stings!
 It misses the killer bee.
 What do you want to use or apply? [ehvxKMY or ?*] v
 In what direction? l
 The killer bee is blinded by the flash!
 The killer bee turns to flee.
 Are you waiting to get hit?  Use 'm' prefix to force a no-op (to rest).
 The killer bee misses!
 You hear some noises in the distance.
 It misses the fire ant.
 You see a door open.
 The fire ant bites!
 The fire ant misses!
 The fire ant bites!
 The fire ant bites again!
 You avoid harm.
 You attack thin air.
 The fire ant bites!
 The fire ant bites again!
 You're on fire!
 What do you want to use or apply? [ehvxKMY or ?*] v
 In what direction? k
 The fire ant is blinded by the flash!
 The fire ant bites!
 The fire ant bites again!
 You avoid harm.
 The fire ant bites!
 The fire ant bites again!
 You're on fire!
 You die...
 Do you want your possessions identified? [ynq] (y) y
 Do you want to see your attributes? [ynq] (y) y
 Do you want an account of creatures vanquished? [ynaq] (y) y
 Do you want to see your conduct and achievements? [ynq] (y) y
 Do you want to see the dungeon overview? [ynq] (y) y

Inventory:
 Coins    ('$')
  $ - 794 gold pieces
 Amulets  ('"')
  V - a cursed amulet of change
 Weapons  (')')
  b - 4 +2 darts (at the ready)
  W - 5 cursed -1 darts
  a - a blessed +0 dagger (weapon in right hand)
  S - a +0 dagger
 Armor    ('[')
  r - an uncursed +0 orcish helm (being worn)
  O - an uncursed +0 pair of iron shoes (being worn)
  l - an uncursed +0 Hawaiian shirt with a jellyfish motif
  G - an uncursed -2 elven mithril-coat (being worn)
 Comestibles  ('%')
  g - an uncursed cram ration
  H - 10 uncursed food rations
  c - an uncursed pear
  X - 2 uncursed tripe rations
 Scrolls  ('?')
  U - an uncursed scroll of stinking cloud
 Potions  ('!')
  i - 2 uncursed potions of extra healing
  L - 4 uncursed potions of healing
  f - an uncursed potion of paralysis
  J - an uncursed potion of sickness
 Rings    ('=')
  q - an uncursed ring of conflict
  D - an uncursed ring of conflict
 Wands    ('/')
  Y - a wand of digging (0:6)
  K - a wand of opening (0:8)
 Tools    ('(')
  M - a can of grease (0:6)
  v - an expensive camera (0:27)
  e - an uncursed magic whistle
  h - an uncursed oil lamp
  x - an uncursed skeleton key
 Gems/Stones  ('*')
  T - an uncursed dilithium crystal
  z - an uncursed worthless piece of red glass

DeathOnAStick the Tourist's attributes:

Background:
 You were an Excursionist, a level 7 male human Tourist.
 You were neutral, on a mission for The Lady
 who was opposed by Blind Io (lawful) and Offler (chaotic).
 You were right-handed.
 You were in the Gnomish Mines, on level 7.
 You entered the dungeon 2747 turns ago.
 It was the midnight hour.
 You had 691 experience points, 589 more were needed to attain level 8.
 Your score was 3181 before end-of-game adjustments.

Basics:
 You had 0 out of 55 hit points.
 You had all 47 energy points (spell power).
 Your armor class was 4.
 Your wallet contained 794 zorkmids.
 Autopickup was off.

Final Characteristics:
 Your strength was 12 (limit:18/100).
 Your dexterity was 12 (limit:18).
 Your constitution was 18 (limit:18).
 Your intelligence was 12 (limit:18).
 Your wisdom was 14 (limit:18).
 Your charisma was 13 (limit:18).

Final Status:
 You weren't hungry.
 You were unencumbered.
 You were wielding a dagger.
 You were unskilled in dagger.

Final Attributes:
 You were piously aligned.
 You were guarded.
 You are dead.

Miscellaneous:
 You didn't encounter any bones levels.
 Total elapsed playing time was 37 minutes and 6 seconds.

Major events:
 Turn
    1: DeathOnAStick the neutral male human Tourist entered the dungeon
  792: attained the rank of Sightseer (level 3)
 1083: entered the Gnomish Mines
 2180: attained the rank of Excursionist (level 6)
 2194: reached Mine Town
 2747: killed by a fire ant

You didn't know any spells.

Skills:
 Fighting Skills
   bare handed combat [Unskilled]
   two weapon combat  [Unskilled]
   riding             [Unskilled]
 Weapon Skills
   dagger             [Unskilled]
   knife              [Unskilled]
   axe                [Unskilled]
   pick-axe           [Unskilled]
   short sword        [Unskilled]
   broadsword         [Unskilled]
   long sword         [Unskilled]
   two-handed sword   [Unskilled]
   saber              [Unskilled]
   mace               [Unskilled]
   morning star       [Unskilled]
   flail              [Unskilled]
   hammer             [Unskilled]
   quarterstaff       [Unskilled]
   polearms           [Unskilled]
   spear              [Unskilled]
   trident            [Unskilled]
   lance              [Unskilled]
   bow                [Unskilled]
   sling              [Unskilled]
   crossbow           [Unskilled]
   dart               [Skilled]
   shuriken           [Unskilled]
   boomerang          [Unskilled]
   whip               [Unskilled]
   unicorn horn       [Unskilled]
 Spellcasting Skills
   divination spells  [Unskilled]
   enchantment spells [Unskilled]
   escape spells      [Unskilled]

Voluntary challenges:
 Character rerolling was not enabled.
 You never genocided any monsters.
 You never polymorphed an object.
 You never changed form.
 You used no wishes.
Achievements:
 You entered a shop.
 You attained the rank of Sightseer.
 You entered the Gnomish Mines.
 You attained the rank of Excursionist.
 You entered Minetown.
 You entered a temple.

 The Dungeons of Doom: levels 1 to 5
    Level 1:
       Many fountains.
    Level 2:
       Some fountains.
    Level 3:
       A potion shop.
    Level 4:
       A fountain.
       Stairs down to The Gnomish Mines.
    Level 5:
 The Gnomish Mines: levels 5 to 7
    Level 5:
    Level 6:
    Level 7: <- You were here.
       Some shops, a temple and an altar, some fountains, a sink.
       Final resting place for
          you, killed by a fire ant.


Vanquished creatures:
  a gnome ruler
  a dwarf mummy
  a dust vortex
  a rock piercer
  a shrieker
  5 gnome leaders
  2 gnomish wizards
  a floating eye
  a kitten
  5 dwarves
  a homunculus
  2 kobold leaders
  a rabid rat
  a centipede
  a giant bat
  2 monkeys
  a dwarf zombie
  7 killer bees
 an acid blob
  a gas spore
  2 hobbits
  2 giant rats
  a brown mold
  a yellow mold
 16 gnomes
  a garter snake
  4 geckos
  2 jackals
  a kobold
  a goblin
  8 grid bugs
  a lichen
  a kobold zombie
  5 newts
83 creatures vanquished.

No species were genocided or became extinct.

Game over:
                       ----------
                      /          \
                     /    REST    \
                    /      IN      \
                   /     PEACE      \
                  /                  \
                  |  DeathOnAStick   |
                  |      794 Au      |
                  | killed by a fire |
                  |       ant        |
                  |                  |
                  |                  |
                  |       2026       |
                 *|     *  *  *      | *
        _________)/\\_//(\/(/\)/\//\/|_)_______

Aloha DeathOnAStick the Tourist...

You died in The Gnomish Mines on dungeon level 7 with 3177 points,
and 794 pieces of gold, after 2747 moves.
You were level 7 with a maximum of 55 hit points when you died.

